[Event "Titled Tuesday Blitz May 4 2021"]
[White "Volkov, Maksim"]
[Black "Gedgafov, Chamal"]
[WhiteFideId "54123070"]
[BlackFideId "34130621"]
[WhiteElo "2113"]
[BlackElo "2005"]
[Result "1-0"]
[Round "06"]
[TimeControl "180+1"]
[Date "2021.05.04"]
[WhiteClock "0:01:39"]
[BlackClock "0:02:00"]

1. d4 Nf6 2. c4 e6 3. g3 Bb4+ 4. Bd2 Be7 5. Nf3 d5 6. Bg2 b6 7. cxd5 exd5 8. O-O Bb7 9. Nc3 O-O 10. Ne5 c6 11. Bf4 Nfd7 12. e4 Nxe5 13. dxe5 d4 14. Ne2 c5 15. Nc1 Nd7 16. b3 g5 17. Qg4 h6 18. e6 Nf6 19. exf7+ Rxf7 20. Qf5 gxf4 21. Qxf4 Nxe4 22. Qg4+ Rg7 23. Qe6+ Kh8 24. Bxe4 Bxe4 25. Qxe4 Bf6 26. Nd3 Qe8 27. Qf3 Qg6 28. Qxa8+ Rg8 29. Qf3 Rf8 30. Rad1 Bg7 31. Nf4 Qf5 32. Qh5 Qc2 33. Ng6+ Kg8 34. Nxf8 Kxf8 35. g4 Qe4 36. Qf5+ Qxf5 37. gxf5 1-0


[Site "https://www.chess.com"]

[Event "Titled Tuesday Blitz May 4 2021"]
[White "Von Buelow, Georg"]
[Black "Aslanov, Umid"]
[WhiteFideId "4620658"]
[BlackFideId "13412620"]
[WhiteElo "2209"]
[BlackElo "1796"]
[Result "1-0"]
[Round "06"]
[TimeControl "180+1"]
[Date "2021.05.04"]
[WhiteClock "0:00:07"]
[BlackClock "0:00:03"]

1. e4 c5 2. Nf3 d6 3. d4 cxd4 4. Nxd4 Nf6 5. Nc3 a6 6. f4 Nc6 7. Nxc6 bxc6 8. e5 dxe5 9. Qxd8+ Kxd8 10. fxe5 Ng4 11. Bf4 e6 12. Be2 Nh6 13. O-O-O Kc7 14. Ne4 Nf5 15. g4 Nh4 16. Rhf1 Kb8 17. Bg3 Ng6 18. Rxf7 Ra7 19. Rdf1 Be7 20. Nd6 Rd8 21. c4 Nxe5 22. Bxe5 Bxd6 23. Bxd6+ Rxd6 24. Rxa7 Kxa7 25. Rf7+ Rd7 26. Rxd7+ Bxd7 27. c5 e5 28. Kd2 Be6 29. a3 a5 30. Ke3 Bd5 31. h4 Kb7 32. g5 Kc7 33. Bd3 h6 34. Be4 Kd7 35. Bf5+ Ke7 36. Kd2 Kf7 37. Ke3 g6 38. Bd3 hxg5 39. hxg5 Be6 40. Be4 Bd5 41. Bc2 Be6 42. Kd2 Bf5 43. Bb3+ Ke7 44. Kc3 Be4 45. Bc4 Bd5 46. Bd3 e4 47. Be2 Ke6 48. Kd4 Kf5 49. b4 axb4 50. axb4 Bf7 51. Ba6 Be6 52. Bb7 Bd7 53. b5 cxb5 54. c6 Be6 55. c7 Kf4 56. Bxe4 Kxg5 57. Ke5 Bc8 58. Kd6 b4 59. Bd5 Kf4 60. Kc5 g5 61. Kxb4 Ke5 62. Kc5 g4 63. Bg2 1-0


[Site "https://www.chess.com"]

[Event "Titled Tuesday Blitz May 4 2021"]
[White "Ward-Tsh"]
[Black "Samadov, Read"]
[BlackFideId "13417444"]
[WhiteElo "2525"]
[BlackElo "2084"]
[Result "0-1"]
[Round "06"]
[TimeControl "180+1"]
[Date "2021.05.04"]
[WhiteClock "0:00:04"]
[BlackClock "0:01:07"]

1. e4 c5 2. Nf3 d6 3. d4 cxd4 4. Nxd4 Nf6 5. Nc3 a6 6. h3 e6 7. g4 Be7 8. g5 Nfd7 9. h4 b5 10. Be3 Bb7 11. Bg2 b4 12. Nce2 Nc6 13. Qd2 a5 14. Nxc6 Bxc6 15. Nd4 Bb7 16. Nb5 Ne5 17. Qe2 Ba6 18. f4 Qd7 19. fxe5 Bxb5 20. Qg4 dxe5 21. h5 Qc6 22. O-O-O b3 23. axb3 a4 24. bxa4 Bxa4 25. Rd2 Bb4 26. Qd1 Bxd2+ 27. Qxd2 O-O 28. Qc3 Qxc3 29. bxc3 Rfc8 30. Kd2 Bxc2 31. Rc1 Bb3 32. Bf1 Ra2+ 33. Ke1 Rc2 34. Rxc2 Bxc2 35. c4 Bxe4 36. c5 f5 37. gxf6 gxf6 38. Ba6 Ra8 39. Bc4 Bd5 40. Bb5 f5 41. c6 Rc8 42. c7 Rxc7 43. Kd2 f4 44. Bg1 e4 45. Bd4 e3+ 46. Kd3 Rf7 47. Be5 Rf5 48. Bd6 e5 49. h6 e4+ 50. Kd4 Be6 51. Bc6 e2 52. Bb4 f3 53. Bxe4 f2 54. Bxf5 Bxf5 55. Ke5 f1=Q 56. Bc5 e1=Q+ 0-1


[Site "https://www.chess.com"]

[Event "Titled Tuesday Blitz May 4 2021"]
[White "Wilson, Elvin"]
[Black "Lehtosaari, Mauri"]
[WhiteFideId "2014874"]
[BlackFideId "501999"]
[WhiteElo "2240"]
[BlackElo "2409"]
[Result "0-1"]
[Round "06"]
[TimeControl "180+1"]
[Date "2021.05.04"]
[WhiteClock "0:00:26"]
[BlackClock "0:00:17"]

1. c4 c6 2. g3 d5 3. Bg2 Nf6 4. Nf3 a6 5. O-O g6 6. b3 Bg7 7. Bb2 O-O 8. d3 Bg4 9. Nbd2 Nbd7 10. h3 Bxf3 11. Nxf3 e6 12. Rb1 Rc8 13. b4 b5 14. a4 dxc4 15. dxc4 bxc4 16. Qc2 Nb6 17. Ne5 Nfd5 18. Bd4 Nxb4 19. Rxb4 Qxd4 20. Nxc4 Nd5 21. Rb7 Rb8 22. Rfb1 Rxb7 23. Rxb7 c5 24. e3 Qa1+ 25. Kh2 Nb4 26. Qb3 Qe1 27. f4 h5 28. Rc7 h4 29. gxh4 Qxh4 30. Rxc5 Nd5 31. Nd2 Nf6 32. Nf3 Ng4+ 33. Kg1 Qf2+ 34. Kh1 Nxe3 35. Nh4 Nxg2 36. Nxg2 Qxc5 0-1


[Site "https://www.chess.com"]

[Event "Titled Tuesday Blitz May 4 2021"]
[White "Winslow, Elliott"]
[Black "Guimaraes, Diogo Duarte"]
[WhiteFideId "2002523"]
[BlackFideId "2112450"]
[WhiteElo "2248"]
[BlackElo "2263"]
[Result "1-0"]
[Round "06"]
[TimeControl "180+1"]
[Date "2021.05.04"]
[WhiteClock "0:00:10"]
[BlackClock "0:00:47"]

1. e4 e5 2. Nf3 Nc6 3. Bb5 Nf6 4. O-O Bc5 5. d3 Nd4 6. Nxd4 Bxd4 7. c3 Bb6 8. Bg5 c6 9. Ba4 d5 10. exd5 Qxd5 11. Bb3 Qd6 12. Qf3 O-O 13. Nd2 Bg4 14. Qg3 Be2 15. Rfe1 Bxd3 16. Bxf6 Qxf6 17. Qxd3 Bxf2+ 18. Kh1 Rad8 19. Qe2 Bxe1 20. Rxe1 Rfe8 21. Ne4 Qg6 22. h3 h6 23. Rf1 Re7 24. Qf3 Rf8 25. h4 Kh8 26. h5 Qh7 27. g4 f6 28. Ng3 e4 29. Qe3 Re5 30. Nf5 Rd8 31. Re1 g5 32. hxg6 Qxg6 33. Re2 Rd7 34. Rh2 Rh7 35. Qf4 e3 36. Nxe3 Qb1+ 37. Kg2 Qxb2+ 38. Kg3 Qxc3 39. Qxf6+ Rg7 40. Qxh6+ 1-0


[Site "https://www.chess.com"]

[Event "Titled Tuesday Blitz May 4 2021"]
[White "Wisniowski, Natalie"]
[Black "Guzman Moneo, Alberto"]
[WhiteFideId "30929261"]
[BlackFideId "2209616"]
[WhiteElo "1702"]
[BlackElo "2157"]
[Result "0-1"]
[Round "06"]
[TimeControl "180+1"]
[Date "2021.05.04"]
[WhiteClock "0:01:45"]
[BlackClock "0:01:07"]

1. d4 Nf6 2. c4 c5 3. d5 b5 4. cxb5 a6 5. e3 g6 6. Nf3 Bg7 7. Nc3 O-O 8. Be2 axb5 9. Bxb5 d6 10. O-O Ba6 11. a4 Ne8 12. Re1 Bxc3 13. Bxa6 Bxe1 14. Bb7 Ra7 15. Qxe1 Rxb7 16. a5 Na6 17. Nd2 Nf6 18. Nc4 Nxd5 19. Qd2 Ndb4 20. b3 Nc6 21. Qc3 d5 22. Bb2 d4 23. exd4 Nxd4 24. Qe3 Rxb3 25. Qe5 Rxb2 26. Nxb2 Qd6 27. Qg5 Qf6 28. Qd2 Rd8 0-1


[Site "https://www.chess.com"]

[Event "Titled Tuesday Blitz May 4 2021"]
[White "Yavorovsky, Valeriy"]
[Black "Sumaneev, Dmitry"]
[WhiteFideId "14121549"]
[BlackFideId "4125312"]
[WhiteElo "2267"]
[BlackElo "2497"]
[Result "1/2-1/2"]
[Round "06"]
[TimeControl "180+1"]
[Date "2021.05.04"]
[WhiteClock "0:00:12"]
[BlackClock "0:00:09"]

1. d4 Nf6 2. c4 c5 3. d5 b5 4. cxb5 a6 5. bxa6 g6 6. Nc3 Bxa6 7. e4 Bxf1 8. Kxf1 d6 9. g3 Nbd7 10. Kg2 Bg7 11. Nf3 O-O 12. a4 Ra6 13. Bd2 Qa8 14. Qc2 c4 15. Be3 Rc8 16. Nd4 Ne5 17. h3 Nfd7 18. f4 Nd3 19. Nc6 Raxc6 20. dxc6 Qxc6 21. Nd5 Kf8 22. Rhd1 e6 23. Rxd3 cxd3 24. Qxc6 Rxc6 25. Nb4 Rc8 26. Nxd3 Bxb2 27. Nxb2 Rc2+ 28. Kf3 Rxb2 29. a5 Rb8 30. a6 Ra8 31. a7 Ke7 32. Rb1 Kd8 33. Rb5 Kc7 34. e5 Kc6 35. Ra5 d5 36. g4 Kb7 37. Bd4 Kc6 38. f5 gxf5 39. gxf5 Kb7 40. Kf4 Rg8 41. fxe6 fxe6 42. Ra3 h6 43. h4 Ka8 44. Rc3 Kb7 45. Rb3+ Ka8 46. Rc3 Kb7 47. Rb3+ Ka8 48. Rc3 1/2-1/2


[Site "https://www.chess.com"]

[Event "Titled Tuesday Blitz May 4 2021"]
[White "Yilmaz, Mustafa"]
[Black "Mohammad Fahad, Rahman"]
[WhiteFideId "6302718"]
[BlackFideId "10207791"]
[WhiteElo "2518"]
[BlackElo "2308"]
[Result "0-1"]
[Round "06"]
[TimeControl "180+1"]
[Date "2021.05.04"]
[WhiteClock "0:00:06"]
[BlackClock "0:00:05"]

1. d4 d5 2. c4 c6 3. cxd5 cxd5 4. Bf4 Nc6 5. e3 a6 6. Nc3 Nf6 7. Be2 Bf5 8. Nf3 e6 9. Ne5 Nxe5 10. Bxe5 Bd6 11. g4 Bg6 12. h4 h5 13. gxh5 Bxh5 14. Bxf6 Bxe2 15. Qa4+ b5 16. Bxd8 bxa4 17. Kxe2 Kxd8 18. Nxa4 g6 19. Rag1 Be7 20. h5 gxh5 21. Rxh5 Rxh5 22. Rg8+ Kd7 23. Rxa8 Rh2 24. Ra7+ Kd8 25. Nc3 Bh4 26. Nd1 f5 27. Rxa6 Ke7 28. Ra7+ Kf6 29. Rh7 Kg6 30. Rh8 Kg7 31. Rc8 f4 32. exf4 Bf6 33. f5 exf5 34. Ne3 Kg6 35. Rc6 Kg5 36. Rd6 Bxd4 37. Rxd5 Bxb2 38. Rxf5+ Kg6 39. Rd5 Rh1 40. a4 Ra1 41. a5 Bc3 42. Nc4 Ra2+ 43. Kf1 Ra4 44. Rc5 Kf7 45. Nd6+ Ke6 46. Rxc3 Kxd6 47. Rd3+ Ke6 48. Re3+ Kf6 49. Rf3+ Ke6 50. Rg3 Rxa5 51. Rg7 Kf6 52. Rb7 Ra2 53. Kg1 Ra3 54. Kg2 Ra4 55. Kg3 Kf5 56. Rb5+ Kf6 57. Rb6+ Kf5 58. f3 Rc4 59. Rb8 Kg5 60. Rg8+ Kf6 61. Rf8+ Kg6 62. Rf4 Rc1 63. Rg4+ Kf5 64. Ra4 Rg1+ 65. Kf2 Rb1 66. Ra5+ Kf4 67. Ra4+ Kf5 68. Kg2 Rc1 69. Kg3 Rg1+ 70. Kh3 Rf1 71. Kg2 Rb1 72. Kf2 Rc1 73. Rh4 Rb1 74. Kg2 Ra1 75. Re4 Rb1 76. Re8 Ra1 77. Rf8+ Kg5 78. f4+ Kg4 79. f5 Kg5 80. Kf3 Ra4 81. Kg3 Rb4 82. f6 Kg6 83. Kf3 Ra4 84. Kg3 Rb4 85. Kf3 Ra4 86. Ke3 Rb4 87. Ra8 Kxf6 0-1


[Site "https://www.chess.com"]

[Event "Titled Tuesday Blitz May 4 2021"]
[White "Yurtseven, Melih"]
[Black "Novikov, Evgenij"]
[WhiteFideId "6312160"]
[BlackFideId "4125380"]
[WhiteElo "2160"]
[BlackElo "2242"]
[Result "1-0"]
[Round "06"]
[TimeControl "180+1"]
[Date "2021.05.04"]
[WhiteClock "0:00:24"]
[BlackClock "0:00:03"]

1. d4 d5 2. c4 e6 3. Nc3 Nf6 4. cxd5 exd5 5. Bg5 Nbd7 6. e3 c6 7. Bd3 h6 8. Bh4 Be7 9. Nge2 O-O 10. Qc2 Re8 11. h3 a6 12. O-O-O Ne4 13. Bg3 Nxg3 14. Nxg3 Nf6 15. e4 dxe4 16. Ngxe4 Be6 17. Kb1 Qa5 18. a3 Rad8 19. Nxf6+ Bxf6 20. Ne2 c5 21. Qxc5 Qxc5 22. dxc5 Rxd3 23. Rxd3 Bf5 24. Nc1 Rc8 25. b4 a5 26. g4 Bg6 27. f4 Bxd3+ 28. Nxd3 axb4 29. axb4 Ra8 30. Kc2 Ra2+ 31. Kb3 Rd2 32. Kc4 Rc2+ 33. Kb5 Rd2 34. Ne5 Rd4 35. Rf1 g5 36. c6 Bxe5 37. fxe5 bxc6+ 38. Kc5 Re4 39. Rb1 Rxe5+ 40. Kxc6 Re6+ 41. Kc7 Re3 42. b5 Rxh3 43. b6 Re3 44. b7 Re7+ 45. Kd6 Re6+ 46. Kd5 Re8 47. Rc1 Rb8 48. Rc8+ 1-0


[Site "https://www.chess.com"]

[Event "Titled Tuesday Blitz May 4 2021"]
[White "Zemerov, Vladimir"]
[Black "Loy, Konstantin"]
[WhiteFideId "4111583"]
[BlackFideId "14122499"]
[WhiteElo "2277"]
[BlackElo "2084"]
[Result "1-0"]
[Round "06"]
[TimeControl "180+1"]
[Date "2021.05.04"]
[WhiteClock "0:02:13"]
[BlackClock "0:00:01"]

1. e4 c5 2. Nf3 d6 3. d4 cxd4 4. Qxd4 Nc6 5. Qe3 g6 6. c4 Bg7 7. h3 Nf6 8. Nc3 O-O 9. Be2 Qa5 10. O-O Be6 11. Bd2 Rfc8 12. Nd5 Qd8 13. Rac1 Nd7 14. Bc3 Bxd5 15. exd5 Nce5 16. Nxe5 Nxe5 17. b3 a5 18. f4 Nd7 19. Bxg7 Kxg7 20. Bg4 h5 21. Bxd7 Qxd7 22. f5 Rf8 23. Rce1 Rae8 24. Qg5 a4 25. Kh2 axb3 26. axb3 1-0


[Site "https://www.chess.com"]

[Event "Titled Tuesday Blitz May 4 2021"]
[White "Zhurbinsky, David"]
[Black "Gabdushev, Ruslan"]
[WhiteFideId "2072904"]
[BlackFideId "4137833"]
[WhiteElo "2479"]
[BlackElo "2312"]
[Result "1-0"]
[Round "06"]
[TimeControl "180+1"]
[Date "2021.05.04"]
[WhiteClock "0:00:18"]
[BlackClock "0:00:13"]

1. e4 Nc6 2. d4 d5 3. Bb5 a6 4. Bxc6+ bxc6 5. Nc3 e6 6. Nf3 a5 7. O-O Ba6 8. Re1 Nf6 9. Bg5 Be7 10. e5 Nd7 11. Bxe7 Qxe7 12. Ne2 c5 13. c3 O-O 14. Ng3 cxd4 15. cxd4 c5 16. Rc1 Rfb8 17. b3 a4 18. dxc5 axb3 19. axb3 Nxc5 20. Nd4 Nd3 21. Nc6 Qb7 22. Nxb8 Rxb8 23. Rc3 Nxe1 24. Qxe1 Qb4 25. Qc1 h6 26. Nh5 Qg4 27. Nf6+ gxf6 28. Rg3 f5 29. Rxg4+ fxg4 30. Qxh6 Rxb3 31. Qg5+ Kf8 32. h4 gxh3 33. Qh6+ Ke8 34. gxh3 Rb1+ 35. Kg2 Bd3 36. Qh8+ Kd7 37. Qf6 Be4+ 38. f3 Bg6 39. h4 Rb2+ 40. Kg3 Rb1 41. Qf4 Rg1+ 42. Kf2 Rh1 43. Qa4+ Ke7 44. Kg2 Rb1 45. Qg4 Rb2+ 46. Kg3 Rb1 47. Kf2 Rb2+ 48. Ke3 Rh2 49. Qg5+ Kf8 50. Qf6 Rh1 51. Kd4 Rd1+ 52. Kc5 d4 53. Kd6 d3 54. Qh8# 1-0


[Site "https://www.chess.com"]

[Event "Titled Tuesday Blitz May 4 2021"]
[White "davigator"]
[Black "Lauridsen, Jesper Morch"]
[BlackFideId "1401890"]
[WhiteElo "2420"]
[BlackElo "2283"]
[Result "1/2-1/2"]
[Round "06"]
[TimeControl "180+1"]
[Date "2021.05.04"]
[WhiteClock "0:01:16"]
[BlackClock "0:00:06"]

1. e4 e5 2. Nf3 Nc6 3. Bb5 Nf6 4. d3 Be7 5. Nbd2 d6 6. O-O O-O 7. c3 h6 8. Re1 Be6 9. Nf1 a6 10. Ba4 b5 11. Bc2 b4 12. Ng3 bxc3 13. bxc3 d5 14. h3 dxe4 15. dxe4 Qxd1 16. Rxd1 Rfd8 17. Re1 Bd6 18. Ba4 Na5 19. Nf5 Nc4 20. Nxd6 cxd6 21. Bb3 a5 22. Nd2 Rdc8 23. Bxc4 Bxc4 24. Ba3 Ra6 25. f3 Nh5 26. Nb3 Bxb3 27. axb3 Rxc3 28. b4 axb4 29. Bxb4 Rxa1 30. Rxa1 Rd3 31. Ra2 Nf4 32. Kf2 Rd1 33. h4 Kh7 34. Bd2 Rh1 35. Bxf4 exf4 36. Ra7 Kg6 37. Rd7 Rxh4 38. Rxd6+ f6 39. e5 Rh5 40. exf6 gxf6 41. Rd4 Rf5 42. Ra4 Kg5 43. Kg1 Rb5 44. Kh2 h5 45. Kh3 Kf5 46. Kh4 Rb1 47. g4+ fxg3 48. Kxg3 Rg1+ 49. Kf2 Rg7 50. Ra5+ Kg6 51. Kg3 Kh6+ 52. Kh4 Rg1 53. Rxh5+ Kg6 54. Ra5 Rh1+ 55. Kg3 Rg1+ 56. Kf2 Rg5 57. Ra8 Rb5 58. Kg3 Kf5 59. Rh8 Ke6 60. Kf4 Rb4+ 61. Kg3 Kf7 62. Ra8 Rc4 63. f4 f5 64. Ra6 Rb4 65. Rh6 Rc4 66. Kf3 Rc3+ 67. Kf2 Rb3 68. Ra6 Rc3 69. Rb6 Rd3 70. Rc6 Rb3 71. Rc5 Kf6 72. Rc6+ Kf7 73. Ra6 Rc3 74. Kg2 Rb3 75. Rc6 Rd3 76. Ra6 Rc3 77. Rb6 Rd3 78. Ra6 Rc3 79. Ra5 Kf6 80. Ra6+ Kf7 1/2-1/2


[Site "https://www.chess.com"]

[Event "Titled Tuesday Blitz May 4 2021"]
[White "Aditya Mittal"]
[Black "Indjic, Aleksandar"]
[WhiteFideId "35042025"]
[BlackFideId "911925"]
[WhiteElo "2171"]
[BlackElo "2591"]
[Result "0-1"]
[Round "07"]
[TimeControl "180+1"]
[Date "2021.05.04"]
[WhiteClock "0:00:01"]
[BlackClock "0:00:57"]

1. d4 Nf6 2. c4 c5 3. d5 e6 4. Nc3 exd5 5. cxd5 d6 6. e4 g6 7. Be2 Bg7 8. Be3 a6 9. a4 Qe7 10. Qc2 Ng4 11. Bf4 f5 12. Bxg4 fxg4 13. h3 O-O 14. Bg3 gxh3 15. Nxh3 Nd7 16. O-O-O b5 17. Nf4 b4 18. Nce2 b3 19. Qd2 Ne5 20. Nd3 Nc4 21. Qe1 Qxe4 22. Rh4 Bg4 23. f3 Qe3+ 24. Kb1 Bf5 25. Nc1 Qxe1 26. Rxe1 Nd2+ 27. Ka1 c4 28. Nf2 c3 29. Nfd3 Rac8 30. Bxd6 cxb2+ 31. Nxb2 Rc2 32. Ba3 Rfc8 33. Rhh1 a5 34. g4 Nc4 35. gxf5 Nxa3 36. Nd3 Rd2 37. Rd1 Rcc2 38. Rxd2 Rxd2 39. f6 Bxf6 40. Rd1 Rxd1+ 0-1


[Site "https://www.chess.com"]

[Event "Titled Tuesday Blitz May 4 2021"]
[White "Alahakoon, Isuru"]
[Black "Guimaraes, Diogo Duarte"]
[WhiteFideId "9900993"]
[BlackFideId "2112450"]
[WhiteElo "2062"]
[BlackElo "2263"]
[Result "0-1"]
[Round "07"]
[TimeControl "180+1"]
[Date "2021.05.04"]
[WhiteClock "0:00:16"]
[BlackClock "0:00:09"]

1. Nf3 d6 2. d4 Nf6 3. Nc3 g6 4. e4 Bg7 5. Bf4 O-O 6. Qd2 c5 7. dxc5 dxc5 8. O-O-O Qa5 9. e5 Nh5 10. Bh6 Nc6 11. Bxg7 Kxg7 12. h3 f5 13. Bc4 Rd8 14. Qg5 h6 15. Qh4 Rxd1+ 16. Rxd1 Qc7 17. Nd5 Qb8 18. Nxe7 Nxe5 19. Nxe5 Qxe5 20. Nd5 Be6 21. f4 Qd6 22. Ne3 Qxf4 23. Qe1 Bxc4 24. Rd7+ Kg8 25. Qc3 Re8 26. Qg7+ Nxg7 27. Rxg7+ Kxg7 28. Kd2 Kf6 29. Kc3 Qxe3+ 30. Kxc4 Qe4+ 31. Kxc5 Qd4+ 32. Kb5 Re2 33. c3 Qd6 34. Kc4 Qb6 35. Kd3 Rxb2 36. c4 Rxa2 37. c5 Qb3+ 0-1


[Site "https://www.chess.com"]

[Event "Titled Tuesday Blitz May 4 2021"]
[White "Albuquerque Junior,Wellington S."]
[Black "Simonovic, Miroslav"]
[WhiteFideId "2151480"]
[BlackFideId "919152"]
[WhiteElo "2042"]
[BlackElo "2043"]
[Result "1-0"]
[Round "07"]
[TimeControl "180+1"]
[Date "2021.05.04"]
[WhiteClock "0:00:38"]
[BlackClock "0:00:07"]

1. c4 c5 2. g3 Nc6 3. Bg2 g6 4. Nc3 Bg7 5. d3 h6 6. e4 e5 7. Nge2 Nge7 8. O-O O-O 9. Nd5 d6 10. Be3 Kh7 11. Rb1 a5 12. f4 Nxd5 13. cxd5 Nd4 14. Nxd4 cxd4 15. Bd2 f5 16. fxe5 dxe5 17. Rc1 b5 18. Qc2 b4 19. Qc7 Ba6 20. exf5 gxf5 21. Rxf5 Bxd3 22. Rxe5 Qf6 23. Bf4 Rac8 24. Qxc8 Rxc8 25. Rxc8 Qa6 26. Rc7 1-0


[Site "https://www.chess.com"]

[Event "Titled Tuesday Blitz May 4 2021"]
[White "Alfaro, William"]
[Black "Matthiesen, Martin"]
[WhiteFideId "6100457"]
[BlackFideId "1404067"]
[WhiteElo "2074"]
[BlackElo "2337"]
[Result "1/2-1/2"]
[Round "07"]
[TimeControl "180+1"]
[Date "2021.05.04"]
[WhiteClock "0:00:28"]
[BlackClock "0:00:11"]

1. e4 c6 2. d4 d5 3. Nc3 dxe4 4. Nxe4 Bf5 5. Ng3 Bg6 6. h4 h6 7. Nf3 Nd7 8. h5 Bh7 9. Bd3 Bxd3 10. Qxd3 e6 11. Bd2 Ngf6 12. O-O-O Be7 13. Kb1 O-O 14. Ne4 c5 15. Rh3 cxd4 16. Nxd4 Ne5 17. Nxf6+ Bxf6 18. Qe4 Nc4 19. Rd3 Nxd2+ 20. R3xd2 Qb6 21. f4 Rad8 22. c3 Rd5 23. g4 Rfd8 24. Rd3 e5 25. Ne2 Rxd3 26. Rxd3 Rxd3 27. Qxd3 exf4 28. Qf5 Qd8 29. Kc2 Qe8 30. Nxf4 Qa4+ 31. Kd3 Qd1+ 32. Kc4 Qf1+ 33. Kb3 Bg5 34. Qc8+ Kh7 35. Qf5+ Kg8 36. Qc8+ Kh7 37. Qf5+ Kg8 1/2-1/2


[Site "https://www.chess.com"]

[Event "Titled Tuesday Blitz May 4 2021"]
[White "Alice, Mateus Felizardo Viageiro"]
[Black "Ljukin, Sergei"]
[WhiteFideId "14800047"]
[BlackFideId "14102200"]
[WhiteElo "2189"]
[BlackElo "2287"]
[Result "0-1"]
[Round "07"]
[TimeControl "180+1"]
[Date "2021.05.04"]
[WhiteClock "0:01:21"]
[BlackClock "0:01:19"]

1. e4 e6 2. Qe2 Be7 3. d4 d5 4. Nf3 Nf6 5. Nc3 O-O 6. e5 Nfd7 7. Be3 c5 8. O-O-O Nc6 9. dxc5 Nxc5 10. h4 a6 11. g4 b5 12. g5 b4 13. Bxc5 bxc3 14. Bxe7 cxb2+ 15. Kb1 Qxe7 16. Nh2 Rb8 17. Ng4 Qa3 18. Rh3 Qc5 19. Nf6+ Kh8 20. Qh5 gxf6 21. gxf6 Nxe5 22. Qxe5 Bd7 23. Bd3 Bb5 24. Bxh7 Bc4 25. Rb3 Bxb3 26. axb3 Qa3 27. Qxb2 Qxb2+ 28. Kxb2 Kxh7 29. f4 Rg8 30. f5 0-1


[Site "https://www.chess.com"]

[Event "Titled Tuesday Blitz May 4 2021"]
[White "Almeida Junior, Alvaro Alves de"]
[Black "Vega Gutierrez, Sabrina"]
[WhiteFideId "2149974"]
[BlackFideId "2219026"]
[WhiteElo "2097"]
[BlackElo "2281"]
[Result "0-1"]
[Round "07"]
[TimeControl "180+1"]
[Date "2021.05.04"]
[WhiteClock "0:00:01"]
[BlackClock "0:00:29"]

1. e4 c5 2. Nf3 Nc6 3. d4 cxd4 4. Nxd4 Nf6 5. Nc3 e5 6. Ndb5 d6 7. Bg5 a6 8. Na3 b5 9. Nd5 Be7 10. Bxf6 Bxf6 11. c3 Ne7 12. Nxf6+ gxf6 13. Nc2 Bb7 14. Bd3 d5 15. exd5 Qxd5 16. f3 f5 17. Ne3 Qe6 18. Qb3 Qb6 19. Nf1 e4 20. fxe4 fxe4 21. Be2 Rg8 22. g3 Bd5 23. Qc2 O-O-O 24. O-O-O f5 25. Kb1 Rg6 26. Nd2 Rgd6 27. Nb3 Bxb3 28. axb3 Nd5 29. Qc1 Qf2 30. Bh5 Ne3 0-1


[Site "https://www.chess.com"]

[Event "Titled Tuesday Blitz May 4 2021"]
[White "Angel_Hranitel_37"]
[Black "Martirosyan, Haik M."]
[BlackFideId "13306553"]
[WhiteElo "2554"]
[BlackElo "2597"]
[Result "0-1"]
[Round "07"]
[TimeControl "180+1"]
[Date "2021.05.04"]
[WhiteClock "0:00:06"]
[BlackClock "0:01:39"]

1. d4 g6 2. Nf3 Bg7 3. g3 Nf6 4. Bg2 d6 5. O-O O-O 6. c4 Bf5 7. Nc3 Ne4 8. Nb1 Nf6 9. Nc3 Ne4 10. Nb1 Bc8 11. Nfd2 Nxd2 12. Qxd2 Nc6 13. e3 e5 14. dxe5 Nxe5 15. Na3 c6 16. h3 Bxh3 17. Qb4 Qd7 18. Rd1 Bg4 19. Rxd6 Qf5 20. f4 Nf3+ 21. Kf2 Ng5 22. c5 Rfe8 23. Bd2 a5 24. Qxb7 Ne4+ 25. Bxe4 Qxe4 26. Qxc6 Qxc6 27. Rxc6 Bxb2 28. Nc2 Bxa1 29. Nxa1 a4 30. Nc2 a3 31. Bb4 Reb8 32. Bxa3 Bd1 33. Bb4 Bxc2 34. a3 Be4 35. Rd6 Rd8 36. Ke2 Rxd6 37. cxd6 f5 38. Kd2 Kf7 39. Kc3 Ke6 40. Kd4 Kd7 41. Ke5 Rc8 42. Kf6 Rc2 43. Kg7 Rg2 44. Kxh7 Rxg3 45. Bc5 g5 46. fxg5 f4+ 47. Kh6 f3 48. g6 f2 49. g7 f1=Q 0-1


[Site "https://www.chess.com"]

[Event "Titled Tuesday Blitz May 4 2021"]
[White "Antonio, Jorge Carlos"]
[Black "Callejas Rojas, Francisco Miguel"]
[WhiteFideId "113190"]
[BlackFideId "32072503"]
[WhiteElo "2247"]
[BlackElo "2293"]
[Result "1/2-1/2"]
[Round "07"]
[TimeControl "180+1"]
[Date "2021.05.04"]
[WhiteClock "0:01:50"]
[BlackClock "0:00:52"]

1. d4 Nf6 2. Bf4 g6 3. Nc3 Bg7 4. Qd2 a6 5. Nf3 b5 6. a3 Bb7 7. O-O-O O-O 8. Bh6 d6 9. h4 Nbd7 10. h5 Bxh6 11. Qxh6 c5 12. hxg6 fxg6 13. Ng5 cxd4 14. Rxd4 Rf7 15. Ne6 Qb6 16. e3 Rc8 17. Ng5 Rg7 18. Ne6 Rf7 19. Bd3 Ne5 20. Ng5 Rg7 21. Ne6 Rf7 22. Ng5 Rg7 23. Ne6 Rf7 1/2-1/2


[Site "https://www.chess.com"]

[Event "Titled Tuesday Blitz May 4 2021"]
[White "Arabidze, Meri"]
[Black "Kovalev, Vladislav"]
[WhiteFideId "13604040"]
[BlackFideId "13504398"]
[WhiteElo "2432"]
[BlackElo "2573"]
[Result "0-1"]
[Round "07"]
[TimeControl "180+1"]
[Date "2021.05.04"]
[WhiteClock "0:00:19"]
[BlackClock "0:00:41"]

1. Nf3 Nf6 2. d4 g6 3. c4 Bg7 4. g3 O-O 5. Bg2 d6 6. O-O Nc6 7. Nc3 e5 8. dxe5 Nxe5 9. b3 Nxf3+ 10. Bxf3 Re8 11. Bb2 Rb8 12. Qd2 a6 13. Rad1 Qe7 14. Rfe1 Be6 15. e4 Nd7 16. Nd5 Bxd5 17. exd5 Qf8 18. Bg2 Bxb2 19. Qxb2 Rxe1+ 20. Rxe1 Re8 21. Rxe8 Qxe8 22. Qd2 Qe5 23. h4 Nc5 24. Kh2 b6 25. b4 Nd7 26. a3 Nf6 27. Bf3 h5 28. Kg2 Kg7 29. Kh2 Qa1 30. Qd3 Qe1 31. Kg2 Nd7 32. Qe2 Qc3 33. Qe7 Ne5 34. Be2 Qe1 35. Qxc7 Qxe2 36. Qxb6 Qe4+ 37. Kf1 Qxc4+ 38. Kg1 Nf3+ 39. Kg2 Qxd5 40. Qxa6 Nxh4+ 41. Kf1 Qd1# 0-1


[Site "https://www.chess.com"]

[Event "Titled Tuesday Blitz May 4 2021"]
[White "Aradhya, Garg"]
[Black "Voege, Tobias"]
[WhiteFideId "25006746"]
[BlackFideId "1270513"]
[WhiteElo "2146"]
[BlackElo "2283"]
[Result "1-0"]
[Round "07"]
[TimeControl "180+1"]
[Date "2021.05.04"]
[WhiteClock "0:00:20"]
[BlackClock "0:00:06"]

1. d4 d5 2. c4 Nc6 3. Nf3 Bg4 4. Nc3 e6 5. Bg5 Be7 6. Bxe7 Ngxe7 7. e3 O-O 8. Rc1 a6 9. h3 Bh5 10. a3 Re8 11. cxd5 Nxd5 12. Be2 Nxc3 13. Rxc3 Qf6 14. O-O Rad8 15. Qc2 Bg6 16. Bd3 Bxd3 17. Rxd3 Qf5 18. Rfd1 Rd6 19. Qb3 b5 20. Qc3 Rc8 21. b4 Ne7 22. Qc5 Nd5 23. R3d2 Nb6 24. Ne5 f6 25. Nd3 Nc4 26. Ra2 Qd5 27. Qxd5 Rxd5 28. a4 Rcd8 29. axb5 axb5 30. Ra7 e5 31. Rxc7 exd4 32. Nf4 R5d7 33. Rxd7 Rxd7 34. Rxd4 Ra7 35. Rd5 Ra1+ 36. Kh2 Na3 37. Rd8+ Kf7 38. Rd7+ Ke8 39. Rxg7 Rb1 40. Nd5 Nc2 41. Rb7 Ne1 42. Nxf6+ Kf8 43. Nxh7+ Kg8 44. Nf6+ Kf8 45. Rxb5 Nd3 46. Ne4 Nc1 47. h4 Nb3 48. h5 Kg7 49. Rb7+ Kh6 50. g4 Nc1 51. Rb6+ Kg7 52. h6+ Kf8 53. Rb8+ Kf7 54. h7 Nd3 55. h8=Q Rh1+ 56. Kxh1 Nxf2+ 57. Nxf2 Ke6 58. Qd4 Kf7 59. Rb7+ Ke6 60. Qe4+ Kd6 61. Rb6+ Kd7 62. Qe6+ Kd8 63. Qd6+ Ke8 64. Rb8+ Kf7 65. Rf8+ Kg7 66. Qf6+ Kh7 67. Rh8# 1-0


[Site "https://www.chess.com"]

[Event "Titled Tuesday Blitz May 4 2021"]
[White "Araujo Filho, Luiz Antonio Coel"]
[Black "PattyCastillo"]
[WhiteFideId "2130661"]
[WhiteElo "2237"]
[BlackElo "2013"]
[Result "1-0"]
[Round "07"]
[TimeControl "180+1"]
[Date "2021.05.04"]
[WhiteClock "0:01:41"]
[BlackClock "0:00:30"]

1. d4 d5 2. Nf3 Nf6 3. e3 c6 4. Nbd2 e6 5. Bd3 Bd6 6. Qe2 O-O 7. O-O Qe7 8. e4 dxe4 9. Nxe4 Nxe4 10. Bxe4 h6 11. Re1 Nd7 12. c3 Nf6 13. Bc2 b6 14. Ne5 Bb7 15. Qf3 Rac8 16. Qg3 c5 17. Bxh6 Ne8 18. Be3 cxd4 19. Bxd4 Nf6 20. Qh4 Rfd8 21. Ng4 e5 22. Bxe5 Bxe5 23. Rxe5 1-0


[Site "https://www.chess.com"]